 Dungeon Crawl Stone Soup version 0.21.0-22-g11d5b52 (webtiles) character file.

100 mopl the Grave Robber (level 4, 8/24 HPs)
             Began as a Gargoyle Necromancer on Jan 17, 2018.
             Quit the game on level 2 of the Dungeon on Jan 18, 2018.
             The game lasted 00:04:21 (2025 turns).

mopl the Grave Robber (Gargoyle Necromancer)        Turns: 2025, Time: 00:04:22

Health: 8/24       AC:  5    Str: 12    XL:     4   Next: 74%
Magic:  7/8        EV: 12    Int: 15    God:
Gold:   72         SH:  0    Dex: 11    Spells: 4/9 levels left

rFire    . . .     SeeInvis .   k - -1 spear (curse)
rCold    . . .     Gourm    .   (no shield)
rNeg     + . .     Faith    .   a - +0 robe
rPois    ∞         Spirit   .   (no helmet)
rElec    +         Reflect  .   (no cloak)
rCorr    .         Harm     .   (no gloves)
MR       .....                  (no boots)
Stlth    ++........             (no amulet)
HPRegen  0.08/turn              (no ring)
MPRegen  0.11/turn              (no ring)

@: no status effects
A: negative energy resistance 1, electricity resistance, unbreathing,
petrification resistance, rot immunity, AC +3
a: no special abilities


You were on level 2 of the Dungeon.
You were not hungry.

You visited 1 branch of the dungeon, and saw 2 of its levels.

You collected 72 gold pieces.

Inventory:

Hand Weapons
 k - a cursed -1 spear (weapon)
 l - a +1 dagger of venom
Missiles
 e - 19 poisoned needles
Armour
 a - a +0 robe (worn)
 p - a +0 ring mail
Wands
 m - a wand of random effects (15)
Scrolls
 j - 3 scrolls of identify {unknown}
 n - a scroll of amnesia {unknown}
Potions
 d - 2 potions of curing {unknown}
 f - 2 potions of heal wounds {unknown}
 g - 2 potions of flight {unknown}
 i - a potion of agility {unknown}
 o - a potion of mutation {unknown}
Books
 b - a book of Necromancy

   Spells                             Type                      Level
   a - Pain                           Necromancy                   1
   b - Animate Skeleton               Necromancy                   1
   c - Vampiric Draining              Necromancy                   3
   d - Regeneration                   Charms/Necromancy            3
   e - Animate Dead                   Necromancy                   4
   f - Borgnjor's Vile Clutch         Necromancy/Earth             5
Comestibles
 c - 4 rations
 h - a chunk of flesh


   Skills:
 - Level 1.5 Dodging
 + Level 3.7 Stealth
 + Level 3.0 Spellcasting
 + Level 3.9 Necromancy


You had 4 spell levels left.
You knew the following spells:

 Your Spells              Type           Power        Failure   Level  Hunger
a - Pain                  Necr           ##..         4%          1    #......
b - Vampiric Draining     Necr           ##........   12%         3    ###....
x - Animate Skeleton      Necr           N/A          4%          1    #......


Dungeon Overview and Level Annotations

Branches:
Dungeon (2/15)

Altars:
Ashenzari
Dithmenos
Elyvilon
Trog


Innate Abilities, Weirdness & Mutations

You are resistant to torment.
Your stone body is resilient. (AC +3)
You are immune to poison.
You resist negative energy. (rN+)
You are resistant to electric shocks. (rElec)
You can survive without breathing.
You are immune to petrification.
You are immune to rotting.


Message History

You see here a bat corpse.
You butcher the bat corpse.
h - a chunk of flesh Cast which spell? (? or * to list)
Aiming: Vampiric Draining
Press: ? - help, Shift-Dir - straight line, f - giant cockroach
Aim: a giant cockroach (clinging)
You kill the giant cockroach!
You feel life coursing into your body.
Unknown command.
Casting: Vampiric Draining
Confirm with . or Enter, or press ? or * to list all spells.
You can't see any susceptible monsters within range! (Use Z to cast anyway.) Unknown command.
You see here a giant cockroach corpse.
Found a stone staircase leading up.
A hobgoblin comes into view. It is wielding a club.
A hobgoblin is nearby!
You are too injured to fight recklessly!
Are you sure you want to abandon this character and quit the game? (Confirm with "yes".)

≈≈≈#≈≈.########.##.# #.#
≈≈≈≈##.......##.##.# #.#
≈#≈≈#...####.....#.# #.#
≈≈##≈...# ##..#.# #.#
#≈≈....## #.<#.####.#
.......########.........#
........†........#.######
.#####.............# >#
###########@### .#
#.....g.. ## #########


You could see a hobgoblin (sleeping).

Vanquished Creatures
  3 adders (D:2)
  A gnoll (D:1)
  3 oozes (D:1)
  2 worms (D:2)
  A dart slug (D:1)
  A leopard gecko (D:2)
  3 giant cockroaches
  4 goblins (D:2)
  5 hobgoblins
  2 kobolds
  2 quokkas (D:2)
  4 bats
  8 rats
39 creatures vanquished.

Vanquished Creatures (collateral kills)
  A dart slug (D:2)
  A giant cockroach (D:1)
  A hobgoblin (D:2)
  A kobold (D:1)
  3 rats (D:2)
7 creatures vanquished.

Grand Total: 46 creatures vanquished

Notes
Turn   | Place    | Note
-------+----------+-------------------------------------------
     0 | D:1      | mopl the Gargoyle Necromancer began the quest for the Orb.
     0 | D:1      | Reached XP level 1. HP: 10/10 MP: 3/3
   310 | D:1      | Reached XP level 2. HP: 15/15 MP: 3/5
   406 | D:1      | Learned a level 1 spell: Animate Skeleton
   846 | D:1      | Reached XP level 3. HP: 18/19 MP: 3/6
   851 | D:1      | Learned a level 3 spell: Vampiric Draining
   917 | D:1      | Reached skill level 3 in Stealth
  1371 | D:2      | Reached XP level 4. HP: 18/24 MP: 2/8
  1382 | D:2      | Found a shadowy altar of Dithmenos.
  1555 | D:2      | Found a faded altar of an unknown god.
  1557 | D:2      | Became a worshipper of Elyvilon the Healer
  1557 | D:2      | Reached * piety under Elyvilon
  1558 | D:2      | Fell from the grace of Elyvilon
  1673 | D:2      | Found a shattered altar of Ashenzari.
  1723 | D:2      | Noticed a moth of wrath
  1726 | D:2      | Found a bloodstained altar of Trog.
  1758 | D:2      | Reached skill level 3 in Spellcasting
  1763 | D:2      | Upgraded the game from 0.21.0-3-g78d12a8 to 0.21.0-22-g11d5b52
  2025 | D:2      | Quit the game

Skill      XL: |  1  2  3  4 |
---------------+-------------+-----
Stealth        | 3 |  3.7
Spellcasting   | 3 |  3.0
Dodging        | |  1.5
Necromancy     | |  3.9

Action                   |  1- 3 |  4- 6 || total
-------------------------+-------+-------++-------
Melee: Unarmed           |    32 |       ||    32
       Spear             |    34 |    74 ||   108
 Cast: Pain              |    40 |    11 ||    51
       Animate Skeleton  |     6 |     6 ||    12
       Vampiric Draining |     1 |     4 ||     5
Invok: Renounce Religion |       |     1 ||     1
 Stab: Sleeping          |       |     8 ||     8
  Eat: Chunk             |     2 |     3 ||     5
Armor: Robe              |    20 |    18 ||    38
Dodge: Dodged            |    47 |    40 ||    87
